SNL (28 & UNDER)
NEW HAMPSHIRE FISHER CATS @ SANTA FE DIABLOS
09/21/2023
 
TOP OF THE 1ST
New Hampshire Fisher Cats batting - Pitching for Santa Fe Diablos : RHP Júlio Torres
Pitching: RHP Júlio Torres
Batting: RHB Matt Silver 0-0: Ball
1-0: DOUBLE (Flyball, 8RXD)
Batting: RHB Anthony Hezell 0-0: Foul Ball, location: 2F
0-1: Foul Ball, location: 2F
0-2: Foul Ball, location: 2F
0-2: SINGLE (Line Drive, 89M)
Matt Silver to third
Batting: LHB Sam Barnes 0-0: Ball
1-0: Called Strike
1-1: Foul Ball, location: 2F
1-2: Ball
2-2: Strikes out swinging
Batting: RHB Lu-fang Huie 0-0: Ball
1-0: Foul Ball, location: 2F
1-1: Foul Ball, location: 2F
1-2: Ball
Anthony Hezell is caught stealing 2nd base
2-2: Ball
3-2: Base on Balls
Batting: RHB Billy Campbell 0-0: Called Strike
0-1: Ball
1-1: Ball
2-1: Ground out 6-3 (Groundball, 6)
Top of the 1st over - 0 run(s), 2 hit(s), 0 error(s), 2 left on base; New Hampshire 0 - Santa Fe 0
BOTTOM OF THE 1ST
Santa Fe Diablos batting - Pitching for New Hampshire Fisher Cats : RHP Felipe Valdomar
Pitching: RHP Felipe Valdomar
Batting: RHB Richard Wilkins 0-0: Called Strike
0-1: Ball
1-1: Swinging Strike
1-2: Strikes out looking
Batting: RHB Robinson Pacheco 0-0: Called Strike
0-1: Foul Ball, location: 2F
0-2: Strikes out looking
Batting: SHB António Hernández 0-0: Ball
1-0: Ball
2-0: Foul Ball, location: 2F
2-1: Ball
3-1: Base on Balls
Batting: LHB Roberto Sandoval 0-0: Foul Ball, location: 2F
0-1: Foul Ball, location: 2F
0-2: Ball
1-2: Foul Ball, location: 2F
1-2: DOUBLE (Line Drive, 89XD)
António Hernández to third
António Hernández scores
Batting: LHB Don Soper 0-0: Ball
1-0: Called Strike
1-1: Swinging Strike
1-2: Ground out 4-3 (Groundball, 4)
Bottom of the 1st over - 1 run(s), 1 hit(s), 0 error(s), 1 left on base; New Hampshire 0 - Santa Fe 1
TOP OF THE 2ND
New Hampshire Fisher Cats batting - Pitching for Santa Fe Diablos : RHP Júlio Torres
Batting: RHB Keith Ford 0-0: Ball
1-0: Ball
2-0: Fly out, F6 (Line Drive, 6M)
Now at SS: Ánibal Gonzáles
Batting: RHB Phil Matthews 0-0: Ground out 1-3 (Groundball, 2R)
Batting: RHB José Hernández 0-0: Ball
1-0: Called Strike
1-1: Ball
2-1: Ball
3-1: Base on Balls
Batting: RHB Michael Woodruff 0-0: Ball
José Hernández is caught stealing 2nd base
Top of the 2nd over - 0 run(s), 0 hit(s), 0 error(s), 0 left on base; New Hampshire 0 - Santa Fe 1
BOTTOM OF THE 2ND
Santa Fe Diablos batting - Pitching for New Hampshire Fisher Cats : RHP Felipe Valdomar
Batting: RHB John Dinkins 0-0: Called Strike
0-1: Ball
1-1: Foul Ball, location: 2F
1-2: Ball
2-2: Strikes out swinging
Batting: RHB Michael Anderson 0-0: Called Strike
0-1: Swinging Strike
0-2: Foul Ball, location: 2F
0-2: Foul Ball, location: 2F
0-2: Strikes out swinging
Batting: RHB Keith Jones 0-0: Called Strike
0-1: Ball
1-1: Called Strike
1-2: Strikes out swinging
Bottom of the 2nd over - 0 run(s), 0 hit(s), 0 error(s), 0 left on base; New Hampshire 0 - Santa Fe 1
TOP OF THE 3RD
New Hampshire Fisher Cats batting - Pitching for Santa Fe Diablos : RHP Júlio Torres
Batting: RHB Michael Woodruff 0-0: Ball
1-0: Ground out 5-3 (Groundball, 5L)
Batting: RHB Matt Silver 0-0: Called Strike
0-1: Ball
1-1: Ball
2-1: Ball
3-1: Base on Balls
Batting: RHB Anthony Hezell 0-0: Called Strike
0-1: Foul Ball, location: 2F
0-2: Grounds into double play, 6-4-3 (Groundball, 6M)
Top of the 3rd over - 0 run(s), 0 hit(s), 0 error(s), 0 left on base; New Hampshire 0 - Santa Fe 1
BOTTOM OF THE 3RD
Santa Fe Diablos batting - Pitching for New Hampshire Fisher Cats : RHP Felipe Valdomar
Batting: RHB Ánibal Gonzáles 0-0: Called Strike
0-1: Swinging Strike
0-2: Ball
1-2: Strikes out swinging
Batting: RHB Richard Wilkins 0-0: Ball
1-0: Ball
2-0: Swinging Strike
2-1: Foul Ball, location: 2F
2-2: Strikes out swinging
Batting: RHB Robinson Pacheco 0-0: Called Strike
0-1: Ball
1-1: Foul Ball, location: 2F
1-2: Ball
2-2: Ball
3-2: Base on Balls
Batting: SHB António Hernández 0-0: Ball
1-0: Ball
2-0: Ball
3-0: Called Strike
3-1: Swinging Strike
3-2: Fly out, F6 (Line Drive, 6M)
Bottom of the 3rd over - 0 run(s), 0 hit(s), 0 error(s), 1 left on base; New Hampshire 0 - Santa Fe 1
TOP OF THE 4TH
New Hampshire Fisher Cats batting - Pitching for Santa Fe Diablos : RHP Júlio Torres
Batting: LHB Sam Barnes 0-0: Ball
1-0: DOUBLE (Line Drive, 9LS)
Batting: RHB Lu-fang Huie 0-0: Swinging Strike
0-1: Foul Ball, location: 2F
0-2: Ball
Wild Pitch!
Sam Barnes to third
1-2: Foul Ball, location: 2F
1-2: Strikes out swinging
Batting: RHB Billy Campbell 0-0: Foul Ball, location: 2F
0-1: Called Strike
0-2: Ball
1-2: Strikes out swinging
Batting: RHB Keith Ford 0-0: Foul Ball, location: 2F
0-1: Ground out 4-3 (Groundball, 4)
Top of the 4th over - 0 run(s), 1 hit(s), 0 error(s), 1 left on base; New Hampshire 0 - Santa Fe 1
BOTTOM OF THE 4TH
Santa Fe Diablos batting - Pitching for New Hampshire Fisher Cats : RHP Felipe Valdomar
Batting: LHB Roberto Sandoval 0-0: Ball
1-0: Ball
2-0: Called Strike
2-1: Foul Ball, location: 2F
2-2: Ball
3-2: Strikes out looking
Batting: LHB Don Soper 0-0: Foul Ball, location: 2F
0-1: Ball
1-1: Ball
2-1: Ball
3-1: Called Strike
3-2: Fly out, F9 (Line Drive, 9M)
Batting: RHB John Dinkins 0-0: SOLO HOME RUN (Flyball, 8LXD), Distance : 434 ft
Batting: RHB Michael Anderson 0-0: Ball
1-0: Ball
2-0: Called Strike
2-1: Ball
3-1: Base on Balls
Batting: RHB Keith Jones 0-0: Swinging Strike
0-1: Ball
1-1: Ball
2-1: Called Strike
2-2: Strikes out swinging
Bottom of the 4th over - 1 run(s), 1 hit(s), 0 error(s), 1 left on base; New Hampshire 0 - Santa Fe 2
TOP OF THE 5TH
New Hampshire Fisher Cats batting - Pitching for Santa Fe Diablos : RHP Júlio Torres
Batting: RHB Phil Matthews 0-0: Ball
1-0: SINGLE (Flyball, 9S)
Batting: RHB José Hernández 0-0: Called Strike
0-1: Ball
1-1: Ball
2-1: Ball
Wild Pitch!
Phil Matthews to second
3-1: Called Strike
3-2: Base on Balls
Batting: RHB Michael Woodruff 0-0: Ball
1-0: Ball
2-0: Ball
3-0: Base on Balls
Phil Matthews to third
José Hernández to second
Batting: RHB Matt Silver 0-0: Ball
1-0: Called Strike
1-1: Ball
2-1: Reached on error, E6 (Groundball, 6)
Phil Matthews scores
José Hernández to third
Michael Woodruff to second
Batting: RHB Anthony Hezell 0-0: Ball
1-0: Grounds into double play, 4-6-3 (Groundball, 4)
José Hernández scores
Michael Woodruff to third
Batting: LHB Sam Barnes 0-0: Ball
1-0: Swinging Strike
1-1: DOUBLE (Line Drive, 7LD)
Michael Woodruff scores
Batting: RHB Lu-fang Huie 0-0: Ball
1-0: Ball
2-0: Ball
3-0: Fly out, F8 (Flyball, 8RXD)
Top of the 5th over - 3 run(s), 2 hit(s), 1 error(s), 1 left on base; New Hampshire 3 - Santa Fe 2
BOTTOM OF THE 5TH
Santa Fe Diablos batting - Pitching for New Hampshire Fisher Cats : RHP Felipe Valdomar
Batting: RHB Ánibal Gonzáles 0-0: Ball
1-0: Called Strike
1-1: Ball
2-1: Ball
3-1: Base on Balls
Pitching: LHP Juan Arce
Batting: RHB Richard Wilkins 0-0: Ball
1-0: Ball
2-0: Foul Ball, location: 2F
2-1: Ball
3-1: SINGLE (Line Drive, 3D)
Ánibal Gonzáles to second
Batting: RHB Robinson Pacheco 0-0: Called Strike
0-1: Foul Ball, location: 2F
0-2: Ball
1-2: Foul Ball, location: 2F
1-2: Foul Ball, location: 2F
1-2: Ball
2-2: Ball
3-2: Base on Balls
Ánibal Gonzáles to third
Richard Wilkins to second
Batting: SHB António Hernández 0-0: Ball
1-0: Called Strike
1-1: Ball
2-1: Fly out, F9 (Line Drive, 9S)
Batting: LHB Roberto Sandoval 0-0: Called Strike
0-1: Ball
1-1: Called Strike
1-2: Strikes out swinging
Pitching: RHP Armando Rodríguez
Batting: LHB Don Soper 0-0: Swinging Strike
0-1: Ball
1-1: Foul Ball, location: 2F
1-2: SINGLE (Groundball, 34S)
Ánibal Gonzáles scores
Richard Wilkins to third
Robinson Pacheco to second
Runner from 3rd tries for Home, SAFE, no throw or cutoff
Batting: RHB John Dinkins 0-0: Ball
1-0: Foul Ball, location: 2F
1-1: Foul Ball, location: 2F
1-2: Fly out, F8 (Flyball, 8RM)
Bottom of the 5th over - 2 run(s), 2 hit(s), 0 error(s), 2 left on base; New Hampshire 3 - Santa Fe 4
TOP OF THE 6TH
New Hampshire Fisher Cats batting - Pitching for Santa Fe Diablos : RHP Júlio Torres
Batting: RHB Billy Campbell 0-0: Ball
1-0: Called Strike
1-1: Ground out 3-1 (Groundball, 34)
Batting: RHB Keith Ford 0-0: Ball
1-0: Ball
2-0: Ball
3-0: Called Strike
3-1: Foul Ball, location: 2F
3-2: Base on Balls
Batting: RHB Phil Matthews 0-0: Ball
1-0: SINGLE (Groundball, 6D)
Keith Ford to second
Batting: RHB José Hernández 0-0: Ball
1-0: Swinging Strike
1-1: Ball
2-1: Swinging Strike
2-2: Ball
3-2: SINGLE (Line Drive, 7LM)
Keith Ford to third
Phil Matthews to second
Pitching: RHP Bartolo Muńóz
Batting: RHB Michael Woodruff 0-0: Foul Ball, location: 2F
0-1: Swinging Strike
0-2: Ball
1-2: Strikes out swinging
Batting: RHB Matt Silver 0-0: Fielders Choice at 2nd, 5-4 (Groundball, 56)
Top of the 6th over - 0 run(s), 2 hit(s), 0 error(s), 2 left on base; New Hampshire 3 - Santa Fe 4
BOTTOM OF THE 6TH
Santa Fe Diablos batting - Pitching for New Hampshire Fisher Cats : RHP Armando Rodríguez
Batting: RHB Michael Anderson 0-0: Called Strike
0-1: Swinging Strike
0-2: Strikes out swinging
Batting: RHB Keith Jones 0-0: Ball
1-0: Fly out, F9 (Flyball, 9LS)
Batting: RHB Ánibal Gonzáles 0-0: Fly out, F8 (Line Drive, 8RS)
Bottom of the 6th over - 0 run(s), 0 hit(s), 0 error(s), 0 left on base; New Hampshire 3 - Santa Fe 4
TOP OF THE 7TH
New Hampshire Fisher Cats batting - Pitching for Santa Fe Diablos : RHP Bartolo Muńóz
Batting: RHB Anthony Hezell 0-0: Ball
1-0: Ball
2-0: Called Strike
2-1: Ground out 6-3 (Groundball, 6)
Pitching: LHP Columbo Briatori
Batting: LHB Sam Barnes 0-0: Called Strike
0-1: Foul Ball, location: 2F
0-2: Ball
1-2: Strikes out looking
Pitching: RHP Raúl Gómez
Batting: RHB Lu-fang Huie 0-0: Called Strike
0-1: Ball
1-1: Ball
2-1: Called Strike
2-2: Strikes out swinging
Top of the 7th over - 0 run(s), 0 hit(s), 0 error(s), 0 left on base; New Hampshire 3 - Santa Fe 4
BOTTOM OF THE 7TH
Santa Fe Diablos batting - Pitching for New Hampshire Fisher Cats : RHP Armando Rodríguez
Batting: RHB Richard Wilkins 0-0: Ball
1-0: Called Strike
1-1: Ball
2-1: Ball
3-1: Called Strike
3-2: Foul Ball, location: 2F
3-2: SINGLE (Groundball, 5)
Batting: RHB Robinson Pacheco 0-0: Called Strike
Richard Wilkins steals 2nd base
0-1: Ball
1-1: Ball
2-1: Foul Ball, location: 2F
2-2: Ball
3-2: SINGLE (Groundball, 6) (infield hit)
Richard Wilkins to third
Pitching: RHP Jorge Flores
Batting: SHB António Hernández 0-0: Ball
1-0: Fly out, F7 (Flyball, 78S)
Batting: LHB Roberto Sandoval 0-0: Called Strike
0-1: Ball
Robinson Pacheco steals 2nd base
1-1: Intentional Walk
Batting: LHB Don Soper 0-0: Ball
1-0: Swinging Strike
1-1: Foul Ball, location: 2F
1-2: Ball
2-2: Fly out, F8 (Flyball, 8RM)
Runner from 3rd tags up, SCORES, no throw
Pinch Hitting: RHB Júlio López 0-0: Called Strike
0-1: Ball
1-1: Swinging Strike
1-2: Ball
2-2: Strikes out swinging
Bottom of the 7th over - 1 run(s), 2 hit(s), 0 error(s), 2 left on base; New Hampshire 3 - Santa Fe 5
TOP OF THE 8TH
New Hampshire Fisher Cats batting - Pitching for Santa Fe Diablos : RHP Raúl Gómez
Now in LF: Gerardo Álvarez
Batting: RHB Billy Campbell 0-0: Ball
1-0: Swinging Strike
1-1: Called Strike
1-2: Foul Ball, location: 2F
1-2: Fly out, F4 (Popup, 4)
Batting: RHB Keith Ford 0-0: Ball
1-0: Foul Ball, location: 2F
1-1: Ball
2-1: Foul Ball, location: 2F
2-2: DOUBLE (Line Drive, 5L)
Batting: RHB Phil Matthews 0-0: Called Strike
0-1: Ball
1-1: Ball
2-1: Foul Ball, location: 2F
2-2: Ball
3-2: Foul Ball, location: 2F
3-2: Base on Balls
Pinch Hitting: LHB Gustavo Lozano 0-0: Grounds out, U3 (Groundball, 3L)
Keith Ford to third
Batting: RHB Michael Woodruff 0-0: Called Strike
0-1: Ball
1-1: Called Strike
1-2: Ball
2-2: Foul Ball, location: 2F
2-2: Strikes out looking
Top of the 8th over - 0 run(s), 1 hit(s), 0 error(s), 2 left on base; New Hampshire 3 - Santa Fe 5
BOTTOM OF THE 8TH
Santa Fe Diablos batting - Pitching for New Hampshire Fisher Cats : RHP Jorge Flores
Now at 2B: Júlio Trinidad
Batting: RHB Michael Anderson 0-0: Called Strike
0-1: Ball
1-1: Ball
2-1: Foul Ball, location: 2F
2-2: Foul Ball, location: 2F
2-2: Ball
3-2: Reached on error, E5 (Groundball, 56)
Batting: RHB Keith Jones 0-0: Bunt missed!
0-1: Ball
1-1: Ball
2-1: Ball
3-1: Sac Bunt - play at first, batter OUT! 1-4
Michael Anderson to second
Batting: RHB Ánibal Gonzáles 0-0: Intentional Walk
Pitching: RHP Ernesto Rivera
Batting: RHB Richard Wilkins 0-0: Called Strike
0-1: Swinging Strike
0-2: Foul Ball, location: 2F
0-2: Strikes out looking
Batting: RHB Robinson Pacheco 0-0: Called Strike
0-1: Swinging Strike
0-2: Foul Ball, location: 2F
0-2: Strikes out looking
Bottom of the 8th over - 0 run(s), 0 hit(s), 1 error(s), 2 left on base; New Hampshire 3 - Santa Fe 5
TOP OF THE 9TH
New Hampshire Fisher Cats batting - Pitching for Santa Fe Diablos : RHP Raúl Gómez
Pitching: LHP Jerry Beck
Batting: RHB Matt Silver 0-0: Swinging Strike
0-1: Swinging Strike
0-2: Strikes out looking
Batting: RHB Anthony Hezell 0-0: Ball
1-0: Swinging Strike
1-1: Ball
2-1: Swinging Strike
2-2: Ball
3-2: Strikes out looking
Batting: LHB Sam Barnes 0-0: Ball
1-0: Foul Ball, location: 2F
1-1: Ball
2-1: Ball
3-1: Ground out 4-3 (Groundball, 13)
Top of the 9th over - 0 run(s), 0 hit(s), 0 error(s), 0 left on base; New Hampshire 3 - Santa Fe 5
This league is powered by Out of the Park Baseball, the baseball management simulation game for PC, Mac and Linux
Wednesday, December 2nd, 2015 - OOTP Baseball 16.8 Build 38